 Dungeon Crawl Stone Soup version 0.24.0-125-gc4c63601f3 (webtiles) character file.

Game seed: 17684272737022972634, levelgen mode: deterministic

772 ttong the Stinger (level 7, -11/43 HPs)
             Began as an Octopode Venom Mage on Mar 19, 2020.
             Was a Follower of Yredelemnul.
             Mangled by a gnoll
             ... wielding a +0 flail
              (12 damage)
             ... on level 6 of the Dungeon.
             The game lasted 00:22:19 (6900 turns).

ttong the Stinger (Octopode Venom Mage)             Turns: 6900, Time: 00:22:20

Health: -11/43     AC:  1    Str:  7    XL:     7   Next: 83%
Magic:  4/12       EV: 13    Int: 19    God:    Yredelemnul [*.....]
Gold:   211        SH:  0    Dex: 15    Spells: 4/14 levels left

rFire    . . .     SeeInvis .   b - +0 short sword
rCold    . . .     Gourm    .   y - +0 buckler
rNeg     . . .     Faith    .   (helmet restricted)
rPois    +         Spirit   .   (no amulet)
rElec    .         Reflect  .   (no ring)
rCorr    .         Harm     .   (no ring)
MR       .....                  (no ring)
Stlth    ++........             (no ring)
HPRegen  0.14/turn              (no ring)
MPRegen  0.13/turn              (no ring)
                                (no ring)
                                (no ring)

@: confused, about to teleport, marked
A: almost no armour, stealthy swim, amphibious, 8 rings, constrict 8, camouflage
1, agile 1, low mp 1, poison resistance, gelatinous body 1, MP-powered wands
a: Animate Remains, Renounce Religion


You were on level 6 of the Dungeon.
You worshipped Yredelemnul.
Yredelemnul was aware of your devotion.
You were not hungry.

You visited 2 branches of the dungeon, and saw 7 of its levels.

You collected 211 gold pieces.

Inventory:

Hand Weapons
 a - a +0 hunting sling
 b - a +0 short sword (weapon)
 i - a +0 spear of piercing
 v - a +0 club
Missiles
 x - 114 stones (quivered)
 C - 2 boomerangs
Armour
 c - a +0 shield
 y - a +0 buckler (worn)
Scrolls
 d - 3 scrolls of remove curse
 e - 3 scrolls of magic mapping {unknown}
 l - 2 scrolls of teleportation
 p - a scroll of amnesia {unknown}
 u - 3 scrolls of immolation {unknown}
 w - 3 scrolls of fog {unknown}
 z - a scroll of enchant armour {unknown}
 A - a scroll of identify
 B - 2 scrolls of enchant weapon {unknown}
Potions
 g - a potion of flight
 h - a potion of brilliance
 m - 4 potions of curing
 n - 4 potions of might
 o - a potion of berserk rage
 q - a potion of invisibility
 r - 2 potions of lignification
 t - a potion of agility
Comestibles
 j - 2 chunks of flesh
 k - 12 rations


   Skills:
 + Level 1.6 Fighting
 - Level 1.5 Short Blades
 - Level 1.0 Slings
 - Level 2.0 Dodging
 - Level 3.4 Stealth
 * Level 3.3 Shields
 + Level 4.4 Spellcasting
 + Level 1.2 Conjurations
 + Level 2.7 Air Magic
 + Level 6.0 Poison Magic


You had 4 spell levels left.
You knew the following spells:

 Your Spells              Type           Power        Failure   Level  Hunger
a - Sting                 Conj/Pois      ###.         3%          1    None
b - Poisonous Vapours     Pois/Air       ###...       3%          2    #......
c - Olgreb's Toxic Radia  Pois           ####....     12%         4    ####...
d - Mephitic Cloud        Conj/Pois/Air  ###.....     11%         3    ###....

Your spell library contained the following spells:

 Spells                   Type           Power        Failure   Level  Hunger
 Venom Bolt               Conj/Pois      ###.......   65%         5    ######.


Dungeon Overview and Level Annotations

Branches:
Dungeon (6/15)             Temple (1/1) D:4

Altars:
Cheibriados
Dithmenos
Gozag
Hepliaklqana
Kikubaaqudgha
Qazlal
Uskayaw
Vehumet
Wu Jian
Xom
Yredelemnul
Zin
The Shining One

Annotations:
D:2 Sigmund
D:4 exclusion: downstairs
D:5 Prince Ribbit


Innate Abilities, Weirdness & Mutations

You cannot wear most types of armour.
You are very stealthy in the water. (Stealth+)
You are amphibious.
You can wear up to eight rings at the same time.
You can use your tentacles to constrict eight enemies at once.
Your skin changes colour to match your surroundings (Stealth+).
Your rubbery body absorbs attacks. (AC +1, EV +1)
You are agile. (Dex +2)
Your magical capacity is low. (-10% MP)
Your system is resistant to poisons. (rPois)
You expend magic power (3 MP) to strengthen your wands.


Message History

The phantom blinks!
Unknown command.
As you read the scroll labeled ZOMUHO ZIHISEE, it crumbles to dust.
You feel blessed for a moment.
It was a scroll of remove curse.
The phantom blinks!
The gnoll looks more healthy.
The phantom barely misses you.
An ogre comes into view. It is wielding a +0 giant club.
A worker ant comes into view.
As you read the scroll labeled ROSAFR VIANULA, it crumbles to dust.
You feel strangely unstable.
It was a scroll of teleportation.
The phantom barely misses you. The gnoll hits you with a +0 flail!
A gnoll comes into view. It is wielding a +0 halberd.
The centaur looks more healthy.
The phantom hits you!
* * * LOW HITPOINT WARNING * * *
You are confused.
You feel invigorated. The phantom hits you!
* * * LOW HITPOINT WARNING * * *
The gnoll hits you with a +0 flail!
You die...
Your body rises from the dead as a mindless zombie.

#..........
##...#..### #
##.g##..## #.
##..###.##
#..###..## #.#
#.....#####.#
####.....##.#
####z.###....#
#. #@gca##
#.## #W #W####
... #. ###O#
## #<# #.
#...# #.. ##.
####.### #..
#..###....#
#..
###.#..W.####
#.. #.....####
### #....##


You could see a phantom, an ogre, a centaur, a worker ant, a wight and a gnoll.

Vanquished Creatures
  A howler monkey (D:6)
  A crimson imp (D:5)
  A jelly (D:5)
  A bullfrog zombie (D:5)
  2 hounds
  2 bullfrog skeletons
  2 orc priests
  An iguana (D:6)
  An orc wizard (D:3)
  7 worker ants
  Robin (D:4)
  3 gnolls (D:2)
  7 adders
  A worm (D:5)
  A dart slug (D:2)
  2 leopard geckos
  19 orcs
  6 giant cockroaches
  12 hobgoblins
  7 jackals
  8 kobolds
  5 quokkas
  2 ball pythons
  8 bats
  4 frilled lizards
  18 goblins
  A leopard gecko skeleton (D:5)
  5 rats
129 creatures vanquished.

Vanquished Creatures (others)
  A plant (D:4)
1 creature vanquished.

Grand Total: 130 creatures vanquished

Notes
Turn   | Place    | Note
-------+----------+-------------------------------------------
     0 | D:1      | ttong the Octopode Venom Mage began the quest for the Orb.
     0 | D:1      | Reached XP level 1. HP: 11/11 MP: 3/3
     9 | D:1      | Noticed an ogre
   243 | D:1      | Reached skill level 4 in Poison Magic
   427 | D:1      | Reached XP level 2. HP: 16/17 MP: 5/5
   431 | D:1      | Learned a level 2 spell: Poisonous Vapours
   884 | D:2      | Noticed Sigmund
  1085 | D:2      | Reached XP level 3. HP: 21/21 MP: 1/6
  1449 | D:2      | Reached XP level 4. HP: 27/27 MP: 7/7
  1627 | D:2      | Found a hide-covered altar of Uskayaw.
  2271 | D:3      | Reached skill level 1 in Short Blades
  2327 | D:3      | Reached skill level 1 in Shields
  2327 | D:3      | Reached skill level 1 in Air Magic
  2327 | D:3      | Reached XP level 5. HP: 20/31 MP: 3/9
  2599 | D:3      | Found a faded altar of an unknown god.
  2617 | D:3      | Noticed an ice beast
  2701 | D:3      | Found a glowing golden altar of the Shining One.
  2913 | D:3      | Found a stormy altar of Qazlal.
  3200 | D:3      | Found a glowing silver altar of Zin.
  3251 | D:3      | Reached skill level 5 in Poison Magic
  3468 | D:4      | Learned a level 4 spell: Olgreb's Toxic Radiance
  3472 | D:4      | Learned a level 3 spell: Mephitic Cloud
  3479 | D:4      | Reached XP level 6. HP: 25/37 MP: 3/10
  3751 | D:4      | Found a staircase to the Ecumenical Temple.
  3759 | Temple   | Entered the Ecumenical Temple
  3999 | Temple   | Became a worshipper of Yredelemnul the Dark
  4048 | D:4      | Noticed Robin
  4280 | D:4      | Killed Robin
  4544 | D:4      | Reached * piety under Yredelemnul
  4951 | D:5      | Entered Level 5 of the Dungeon
  4955 | D:5      | Noticed Prince Ribbit
  5007 | D:5      | Reached XP level 7. HP: 42/42 MP: 6/13
  5066 | D:5      | Reached skill level 1 in Fighting
  5474 | D:5      | Reached skill level 1 in Slings
  6332 | D:5      | Gained mutation: You can translocate small distances at
                  | will. [potion of mutation]
  6332 | D:5      | Gained mutation: Your mind is acute. (Int +2) [potion of
                  | mutation]
  6332 | D:5      | Gained mutation: You passively map a small area around you.
                  | [potion of mutation]
  6332 | D:5      | Gained mutation: You expend magic power (3 MP) to
                  | strengthen your wands. [potion of mutation]
  6333 | D:5      | Lost mutation: Your mind is acute. (Int +2) [potion of
                  | mutation]
  6333 | D:5      | Lost mutation: You passively map a small area around you.
                  | [potion of mutation]
  6333 | D:5      | Gained mutation: You are partially covered in thin metallic
                  | scales. (AC +2) [potion of mutation]
  6334 | D:5      | Lost mutation: You are partially covered in thin metallic
                  | scales. (AC +2) [potion of mutation]
  6334 | D:5      | Lost mutation: You expend magic power (3 MP) to strengthen
                  | your wands. [potion of mutation]
  6334 | D:5      | Lost mutation: You can translocate small distances at will.
                  | [potion of mutation]
  6334 | D:5      | Gained mutation: Your system is resistant to poisons.
                  | (rPois) [potion of mutation]
  6334 | D:5      | Gained mutation: Your magical capacity is low. (-10% MP)
                  | [potion of mutation]
  6334 | D:5      | Gained mutation: You expend magic power (3 MP) to
                  | strengthen your wands. [potion of mutation]
  6334 | D:5      | Gained mutation: You are agile. (Dex +2) [potion of
                  | mutation]
  6891 | D:6      | Reached skill level 6 in Poison Magic
  6900 | D:6      | HP: 1/43 [phantom (9)]
  6900 | D:6      | Mangled by a gnoll

Levels and vault maps discovered:
D:1:      evilmike_arrival_come_back, layout_loops_cross,
          minmay_misc_feat_more_columns, minmay_tetromino_t2
D:2:      minmay_chambers_of_ones, layout_basic, eat_drink_and_be_merry_uskayaw,
          serial_park_tiny_1, uniq_sigmund
D:3:      layout_loops_ring, tso_metal_star, lemuel_coloured_pillars_altar,
          grunt_qazlal_sundering, chequers_ecumenical_altar_lobes,
          corexii_leaking_fountain
D:4:      layout_loops_cross, minmay_temple_entry_gardened_gates, first_ration,
          uniq_robin
D:5:      layout_loops_ring, uniq_prince_ribbit1
D:6:      layout_rooms, elyvilon_altar_5
Temple:   jpeg_temple_island

Skill      XL: |  1  2  3  4  5  6  7 |
---------------+----------------------+-----
Poison Magic   | 4 5 6 |  6.0
Stealth        | 3 |  3.4
Short Blades   | 1 |  1.5
Shields        | 1 2 3 |  3.3
Air Magic      | 1 2 |  2.7
Spellcasting   | 3 4 |  4.4
Fighting       | 1 |  1.6
Slings         | 1 |  1.0
Dodging        | |  2.0
Conjurations   | |  1.2

Action                   |  1- 3 |  4- 6 |  7- 9 || total
-------------------------+-------+-------+-------++-------
Melee: Club              |    13 |       |     7 ||    20
       Constrict         |    11 |    29 |    16 ||    56
       Unarmed           |     5 |       |       ||     5
       Tentacles         |     4 |    13 |    14 ||    31
       Short sword       |    30 |    99 |    78 ||   207
 Fire: Hunting sling     |       |       |    29 ||    29
 Cast: Sting             |     4 |       |       ||     4
       Poisonous Vapours |    10 |    44 |    24 ||    78
       Olgreb's Toxic Ra |       |     3 |     1 ||     4
  Use: Scroll            |       |     7 |     4 ||    11
       Potion            |       |       |     4 ||     4
 Stab: Sleeping          |     5 |     9 |       ||    14
  Eat: Chunk             |     2 |    14 |     3 ||    19
       Ration            |       |       |     1 ||     1
Armor: Skin              |     8 |     7 |     2 ||    17
Dodge: Dodged            |    38 |    68 |    54 ||   160
Block: Buckler           |       |     1 |    16 ||    17
